Map: New Repugnancy LE

Players

MaSa - Winner!

  • Race: Terran Terran
  • League: Master
  • Spawn Location: 7:00

scarlett

  • Race: Zerg Zerg
  • League: Master
  • Spawn Location: 1:00

Event: 2019 WCS Winter Americas

VOD

Have the link to the VOD?

Description

Time

  • Played on: March 23, 2019, 2:01 p.m.
  • Length: 18:54

All games in this series

Show
View Real Time Build Order
Export as new Build Order

MaSa Terran - Winner!

Build Orders:  

Get SALT Encoding   

  12  0:00  SCV  
  13  0:12  SCV  
  14  0:17  Supply Depot  
  14  0:24  SCV  
  15  0:39  SCV  
  15  0:41  Barracks  
  16  0:44  Refinery  
  16  0:51  SCV  
  17  0:59  Barracks  
  17  1:03  SCV  
  18  1:15  SCV  
  19  1:20  Barracks  
  19  1:27  Reaper  
  20  1:36  Orbital Command  
  20  1:42  Refinery  
  20  1:47  Reaper  
  21  1:55  Supply Depot  
  21  2:03  SCV  
  21  2:05  Reaper  
  23  2:17  SCV, Reaper  
  25  2:26  Reaper  
  25  2:28  Supply Depot  
  25  2:29  SCV  
  27  2:37  Reaper  
  27  2:41  SCV  
  29  2:49  Reaper  
  30  2:53  SCV  
  29  3:06  Reaper  
  29  3:08  Command Center  
  29  3:11  SCV  
  30  3:16  Reaper  
  31  3:21  Reaper  
  31  3:23  SCV  
  33  3:29  Factory  
  33  3:35  SCV  
  33  3:40  Reaper  
  35  3:42  Refinery  
  35  3:44  Supply Depot  
  35  3:47  SCV  
  37  3:56  Reaper  
  37  3:59  SCV  
  38  4:02  Barracks Reactor  
  38  4:11  SCV, Command Center  
  39  4:20  Hellion  
  39  4:21  Marine  
  39  4:23  SCV  
  43  4:29  Orbital Command  
  43  4:37  Starport  
  43  4:39  SCV  
  44  4:46  Marine x2  
  44  4:51  SCV  
  47  4:57  SCV  
  48  5:03  SCV  
  48  5:05  Hellion x2  
  53  5:09  SCV  
  54  5:15  Armory, SCV, Refinery  
  54  5:19  Medivac  
  57  5:21  SCV  
  59  5:30  Hellion x2  
  59  5:34  Orbital Command  
  62  5:36  SCV  
  62  5:38  SCV  
  62  5:40  Barracks Tech Lab  
  64  5:43  Barracks Tech Lab  
  64  5:46  Liberator  
  64  5:48  SCV  
  65  5:52  Factory  
  65  5:55  SCV  
  66  6:01  SCV, Hellion  
  66  6:02  Hellion  
  74  6:07  Terran Vehicle And Ship Armor Level 1  
  74  6:08  SCV  
  75  6:12  SCV  
  75  6:15  Barracks Tech Lab  
  75  6:17  Factory  
  76  6:23  SCV  
  77  6:30  Supply Depot x2  
  77  6:34  Liberator  
  77  6:51  SCV x3  
  77  6:52  Hellion x2  
  76  6:59  Orbital Command  
  78  7:03  SCV  
  78  7:07  SCV  
  78  7:08  Factory  
  78  7:09  Factory  
  78  7:13  Hellion  
  78  7:15  SCV  
  81  7:18  Hellion, Cyclone x2  
  81  7:19  SCV  
  90  7:25  Infernal Pre-Igniter, Mag-Field Accelerator  
  90  7:27  SCV x2  
  90  7:29  Supply Depot  
  92  7:30  Supply Depot  
  92  7:31  SCV  
  93  7:37  Refinery  
  93  7:38  Starport Reactor  
  93  7:41  Refinery  
  93  7:47  SCV x3, Hellion  
  87  7:53  Hellion  
  87  7:54  Factory Reactor, Factory Tech Lab  
  86  7:59  SCV x3  
  86  8:02  Liberator x2, Supply Depot  
  86  8:03  Armory  
  86  8:04  Terran Vehicle And Ship Armor Level 2, Supply Depot  
  89  8:16  SCV  
  89  8:17  SCV  
  97  8:20  Hellion  
  97  8:22  SCV  
  97  8:26  Cyclone  
  103  8:30  SCV x2  
  105  8:34  SCV  
  105  8:36  Hellion x3  
  112  8:42  SCV x2  
  112  8:46  Cyclone  
  117  8:49  SCV, Supply Depot  
  117  8:50  Supply Depot  
  117  8:51  Terran Vehicle Weapons Level 1  
  118  9:01  Hellion x3  
  124  9:04  Command Center  
  124  9:11  Cyclone x2  
  130  9:17  SCV x3  
  130  9:18  Cyclone, Supply Depot  
  130  9:19  Supply Depot  
  130  9:21  Hellion  
  130  9:22  Hellion  
  140  9:29  SCV  
  140  9:31  Command Center  
  141  9:32  SCV  
  139  9:39  Factory x2  
  139  9:42  Liberator  
  139  9:47  Hellion x3, Cyclone  
  139  9:48  Cyclone  
  139  9:52  Liberator  
  151  9:57  Hellion  
  151  9:58  Hellion  
  152  10:01  Factory  
  154  10:14  Hellion x2  
  154  10:19  Cyclone  
  154  10:21  Hellion, Cyclone x2  
  150  10:27  Terran Vehicle And Ship Armor Level 3  
  146  10:30  Factory Reactor, Factory Tech Lab  
  146  10:36  Starport  
  146  10:40  Fusion Core  
  146  10:42  Hellion x3  
  152  10:43  Liberator x2  
  152  10:49  Hellion x2  
  158  10:57  Hellion, Cyclone  
  158  11:00  Factory Tech Lab  
  167  11:13  Orbital Command  
  167  11:15  Engineering Bay  
  164  11:23  Terran Vehicle Weapons Level 2  
  164  11:25  Hellion x4  
  172  11:26  Engineering Bay, Liberator  
  172  11:28  Starport Tech Lab  
  172  11:29  Refinery  
  172  11:30  Liberator, Refinery  
  170  11:42  Liberator  
  170  11:46  Hellion x3, Cyclone x3  
  169  11:55  Hellion x3  
  169  11:57  Hellion  
  174  12:02  Advanced Ballistics  
  174  12:05  Planetary Fortress  
  171  12:09  Liberator  
  171  12:16  Hellion x2, Cyclone  
  174  12:28  Hellion x2, Cyclone x2  
  187  12:35  Hellion, Cyclone  
  187  12:36  Hellion  
  185  12:43  Hellion  
  187  12:46  Refinery  
  187  12:47  Refinery  
  187  13:01  Sensor Tower  
  187  13:03  Liberator  
  187  13:07  Supply Depot  
  187  13:08  Supply Depot  
  187  13:12  Liberator  
  187  13:17  Hellion  
  187  13:19  Hellion  
  185  13:20  Hellion x2, Cyclone  
  185  13:21  Hellion  
  185  13:23  Hellion x2  
  185  13:29  Cyclone x3  
  194  13:35  Orbital Command  
  194  13:36  Liberator  
  194  13:39  Hellion  
  194  13:40  Hellion  
  174  13:41  Hellion x2  
  174  13:42  Hellion  
  174  13:44  Cyclone  
  174  13:45  Hellion  
  174  13:46  SCV, Liberator  
  181  13:53  Hellion  
  176  13:59  SCV  
  176  14:00  SCV, Hellion  
  176  14:01  Hellion  
  182  14:03  SCV  
  182  14:08  SCV  
  187  14:11  SCV  
  187  14:12  SCV  
  187  14:15  SCV  
  188  14:17  Hellion x4  
  192  14:24  Cyclone x2  
  198  14:36  Command Center  
  198  14:37  Hellion  
  198  14:42  Hellion x2  
  198  14:45  Cyclone x3  
  184  14:46  Liberator  
  184  14:48  Hellion x2, Liberator  
  184  14:50  Hellion  
  184  14:52  SCV x2  
  171  14:55  Terran Ship Weapons Level 1  
  165  15:01  Hellion x2, Cyclone  
  165  15:05  Liberator  
  178  15:07  SCV x2  
  180  15:16  SCV x2  
  180  15:17  Cyclone x3  
  180  15:20  SCV  
  194  15:29  Liberator  
  194  15:38  Terran Vehicle Weapons Level 3  
  194  15:39  Hellion x2  
  198  15:50  Starport  
  198  15:56  Cyclone  
  198  16:03  Liberator x2  
  198  16:15  Refinery  
  198  16:16  Refinery  
  196  16:18  Liberator  
  196  16:21  Cyclone  
  184  16:26  Cyclone x2  
  184  16:28  Cyclone x2  
  159  16:39  Liberator  
  165  16:44  Hellion x3  
  165  16:45  Hellion x2  
  165  16:46  Liberator x2  
  172  16:47  Planetary Fortress  
  172  16:53  Cyclone  
  175  16:57  Hellion  
  175  16:58  Cyclone x2  
  175  17:00  Cyclone  
  175  17:01  Cyclone, Liberator  
  192  17:02  Command Center  
  192  17:05  Starport  
  192  17:06  Hellion x2  
  199  17:22  Liberator  
  193  17:26  Cyclone  
  193  17:27  Hellion x3  
  187  17:30  Hellion x2, Cyclone x2  
  187  17:32  Cyclone  
  187  17:36  Liberator  
  197  17:39  Refinery  
  197  17:41  Hellion x2  
  198  17:44  Liberator  
  198  17:45  Liberator  
  198  17:48  Hellion  
  196  17:51  Hellion  
  196  17:58  Cyclone  
  196  18:00  Hellion  
  196  18:01  Hellion  
  196  18:02  Cyclone  
  176  18:09  Hellion x3, Cyclone x2  
  179  18:26  Hellion  
  167  18:30  Hellion  
Show
View Real Time Build Order
Export as new Build Order

scarlett Zerg 

Build Orders: Pool First 

Get SALT Encoding   

  12  0:00  Drone  
  13  0:12  Overlord  
  13  0:17  Drone  
  14  0:30  Drone x2  
  16  0:39  Drone  
  16  0:42  Extractor  
  16  0:45  Drone  
  17  0:50  Spawning Pool  
  17  0:56  Drone  
  17  1:07  Drone  
  18  1:18  Hatchery  
  18  1:23  Drone  
  18  1:36  Queen  
  18  1:37  Zergling x2  
  21  1:44  Metabolic Boost  
  21  1:50  Overlord  
  21  1:55  Drone  
  22  2:12  Queen  
  24  2:18  Drone x2  
  26  2:28  Zergling x2  
  27  2:30  Queen  
  27  2:31  Zergling x2  
  27  2:34  Zergling x2  
  30  2:44  Extractor  
  30  2:45  Zergling x2  
  30  2:47  Spore Crawler  
  29  2:52  Overlord, Drone  
  29  2:54  Queen  
  34  3:00  Overlord  
  32  3:11  Drone  
  32  3:12  Drone  
  34  3:13  Queen  
  34  3:19  Drone x2  
  38  3:29  Drone x3  
  38  3:30  Drone  
  38  3:33  Drone  
  43  3:38  Drone x2  
  45  3:47  Overlord, Drone  
  46  3:50  Overlord  
  45  3:59  Drone x3  
  48  4:04  Zergling x6  
  51  4:12  Zergling x2  
  51  4:13  Zergling x8  
  56  4:24  Drone x2  
  56  4:28  Hatchery  
  57  4:33  Drone  
  57  4:34  Drone  
  59  4:42  Evolution Chamber, Drone x2  
  59  4:43  Overlord  
  59  4:45  Evolution Chamber  
  59  4:47  Zergling x6  
  59  4:49  Zergling x2  
  63  4:54  Overlord  
  63  5:08  Drone x9  
  63  5:13  Zerg Ground Armor Level 1  
  72  5:15  Zerg Melee Weapons Level 1  
  72  5:22  Overlord x2  
  72  5:34  Lair, Drone x2  
  74  5:39  Extractor  
  74  5:41  Extractor  
  70  5:51  Zergling x18  
  79  6:02  Drone  
  79  6:03  Drone x2  
  82  6:04  Extractor, Drone  
  82  6:06  Baneling Nest  
  81  6:15  Drone x3  
  84  6:23  Extractor  
  84  6:25  Zergling x14  
  84  6:26  Zergling x2  
  84  6:28  Queen  
  91  6:35  Queen x2  
  91  6:37  Zergling x10  
  94  6:52  Drone x5  
  86  6:57  Centrifical Hooks  
  86  6:59  Drone x4  
  90  7:02  Overlord  
  90  7:04  Hatchery, Queen  
  90  7:06  Drone x3  
  93  7:17  Zerg Ground Armor Level 2, Drone x3, Zerg Melee Weapons Level 2  
  96  7:24  Baneling x9  
  96  7:28  Drone x2  
  96  7:29  Zergling x6  
  101  7:33  Overlord x2  
  99  7:39  Drone x3  
  99  7:42  Overlord  
  96  7:53  Drone x2  
  98  8:00  Infestation Pit  
  98  8:04  Hydralisk Den  
  98  8:05  Drone x11  
  107  8:08  Extractor  
  104  8:23  Spore Crawler  
  103  8:31  Drone x3  
  103  8:33  Queen  
  108  8:35  Overlord x2  
  108  8:37  Muscular Augments  
  108  8:39  Hydralisk x8  
  124  8:41  Drone  
  124  8:44  Extractor  
  124  8:46  Hive  
  124  8:51  Drone x4  
  124  8:52  Overlord x2  
  128  9:00  Overlord  
  128  9:02  Drone x7  
  135  9:07  Hydralisk x3  
  141  9:17  Extractor  
  141  9:20  Extractor  
  141  9:21  Hydralisk x4  
  142  9:24  Overlord x2  
  142  9:29  Hydralisk x2  
  142  9:30  Zergling x6  
  149  9:33  Zerg Missile Weapons Level 1  
  149  9:36  Baneling x5  
  149  9:38  Zergling x12  
  155  9:49  Grooved Spines, Overlord x2  
  151  9:55  Zergling x14  
  150  10:02  Drone x7  
  142  10:16  Drone x6  
  142  10:20  Viper x4  
  148  10:44  Hatchery, Baneling x6  
  148  10:47  Zergling x30  
  155  11:02  Viper x2  
  157  11:04  Hydralisk x5  
  157  11:09  Baneling x11  
  157  11:11  Drone  
  162  11:27  Zerg Melee Weapons Level 3  
  162  11:28  Zergling x2  
  162  11:29  Zergling x12  
  162  11:31  Hatchery  
  168  11:36  Zerg Missile Weapons Level 2  
  151  11:55  Queen, Drone x6  
  151  12:00  Hydralisk x6  
  160  12:06  Spore Crawler  
  159  12:09  Drone x3  
  161  12:18  Viper  
  161  12:19  Overlord  
  161  12:21  Hydralisk x2  
  166  12:32  Drone x2  
  166  12:35  Drone  
  165  12:41  Drone x4, Spine Crawler x2  
  167  12:48  Hydralisk  
  167  12:49  Hydralisk x3  
  167  12:50  Spire  
  174  12:53  Drone  
  174  12:54  Drone  
  174  12:55  Queen  
  178  13:02  Queen  
  178  13:03  Drone  
  179  13:08  Spore Crawler  
  176  13:14  Hydralisk x2  
  176  13:15  Hydralisk x3  
  180  13:22  Hydralisk  
  180  13:23  Hydralisk x2  
  179  13:32  Queen  
  173  13:40  Hydralisk x6  
  170  13:47  Viper x2  
  162  13:48  Drone x2  
  158  13:58  Drone  
  158  13:59  Drone x8  
  158  14:02  Zergling x2  
  168  14:04  Queen  
  168  14:08  Viper x2  
  176  14:16  Viper  
  179  14:24  Viper  
  179  14:28  Greater Spire  
  179  14:31  Drone x7  
  189  14:32  Extractor x2  
  189  14:35  Spine Crawler  
  189  14:37  Zergling x6  
  169  14:50  Viper  
  169  14:51  Viper  
  169  14:52  Zergling x12  
  165  14:53  Zergling x6  
  165  14:56  Drone x2  
  165  14:59  Queen  
  168  15:04  Spore Crawler  
  168  15:05  Drone x3  
  167  15:07  Spine Crawler x2  
  167  15:10  Drone x3  
  167  15:14  Zergling x2  
  164  15:25  Spore Crawler, Zerg Missile Weapons Level 3  
  163  15:29  Hydralisk x8  
  177  15:39  Queen, Drone x4  
  181  15:51  Corruptor x3  
  186  16:08  Zergling x18  
  186  16:10  Hatchery  
  194  16:15  Hydralisk  
  194  16:17  Overlord x2  
  163  16:26  Hydralisk x4  
  163  16:27  Hydralisk x5  
  159  16:35  Drone x5  
  159  16:45  Evolution Chamber x2  
  159  16:46  Corruptor x3  
  163  16:50  Drone x4  
  167  16:55  Viper x2  
  167  17:00  Drone x3  
  170  17:11  Hydralisk x2  
  170  17:12  Zergling x6  
  170  17:13  Baneling x7  
  177  17:19  Queen  
  178  17:29  Drone x2  
  171  17:30  Drone x7  
  171  17:35  Queen  
  178  17:40  Brood Lord  
  178  17:43  Drone  
  173  17:54  Queen  
  165  18:07  Hydralisk x9  
  168  18:12  Hydralisk  
  168  18:13  Hydralisk x5  
  168  18:19  Hydralisk x4  
  172  18:23  Hydralisk  
Tags
 
Add a new tag
Caveats
  • Supply blocks, unpowered buildings, or Contaminate may cause inaccurate times.
  • Supply counts are checked every 10 seconds.